 Dungeon Crawl Stone Soup version 0.29.1-12-g30fa7ad0bf (webtiles) character file.

Game seed: 177832466635922496

44 Acheron the Sneak (level 3, -3/27 HPs)
             Began as a Human Brigand on Dec 13, 2022.
             Killed by nerve-wracking pain
             ... invoked by Jessica
              (13 damage)
             ... on level 3 of the Dungeon.
             The game lasted 00:07:38 (1391 turns).

Acheron the Sneak (Human Brigand)                   Turns: 1391, Time: 00:07:38

Health: -3/27      AC: 10    Str: 13    XL:     3   Next: 85%
Magic:  3/3        EV: 11    Int: 11    God:
Gold:   58         SH:  3    Dex: 14    Spells: 1/2 levels left

rFire   . . .      SeeInvis .   a - +3 dagger (protect)
rCold   . . .      Faith    .   p - +0 buckler
rNeg    . . .      Spirit   .   b - +0 robe
rPois   .          Reflect  .   (no helmet)
rElec   .          Harm     .   c - +0 cloak
rCorr   .          Rampage  .   (no gloves)
Will    .....                   (no boots)
Stlth   +++.......              (no amulet)
HPRegen 0.09/turn               (no ring)
MPRegen 0.08/turn               (no ring)

@: under a protective aura
A: no striking features
a: no special abilities


You were on level 3 of the Dungeon.
You visited 1 branch of the dungeon, and saw 3 of its levels.

You collected 58 gold pieces.

Inventory:

Hand Weapons
 a - a +3 dagger of protection (weapon)
 h - a +0 hand axe
Missiles
 d - 9 poisoned darts (quivered)
 e - 3 curare-tipped darts
Armour
 b - a +0 robe (worn)
 c - a +0 cloak (worn)
 p - a +0 buckler (worn)
Jewellery
 r - an amulet of regeneration
Scrolls
 j - a scroll of teleportation
 s - 2 scrolls of identify
Potions
 f - a potion of cancellation {unknown}
 g - a potion of magic {unknown}
 i - 2 potions of flight
 k - 3 potions of curing
 l - a potion of lignification {unknown}
 m - a potion of haste
 n - a potion of degeneration {unknown}
 o - a potion of resistance {unknown}
 q - a potion of might


   Skills:
 * Level 2.1 Fighting
 * Level 2.5 Short Blades
 * Level 2.2 Throwing
 * Level 1.6 Dodging
 * Level 4.5 Stealth


You had one spell level left.
You knew the following spells:

 Your Spells              Type           Power      Damage    Failure   Level
a - Summon Small Mammal   Summ           0%         N/A       43%         1

Your spell library contained the following spells:

 Spells                   Type           Power      Damage    Failure   Level
 Call Canine Familiar     Summ           0%         N/A       80%         3
 Confusing Touch          Hex            0%         N/A       82%         3
 Summon Guardian Golem    Hex/Summ       0%         N/A       82%         3
 Yara's Violent Unravell  Hex/Tmut       0%         3d3       100%        5
 Enfeeble                 Hex            0%         N/A       100%        7


Dungeon Overview and Level Annotations

Branches:
Dungeon (3/15)

Altars:

Annotations:
D:3 Jessica


Message History

Found 5 stones.
Found 9 gold pieces.
You now have 51 gold pieces (gained 9).
You see here 5 stones.
Found a stone staircase leading up.
j - a scroll of teleportation A worm comes into view.
Found a dented diamond amulet and 7 gold pieces.
You see here an amulet of regeneration.
r - an amulet of regeneration You see here 7 gold pieces.
You now have 58 gold pieces (gained 7).
Found a scroll of identify.
Found a scroll of identify.
s - a scroll of identify
s - 2 scrolls of identify (gained 1) Jessica the Apprentice Sorceress comes into view.
She is wielding a +0 club.
Jessica shouts!
Jessica gestures at you while chanting. Pain shoots through your body!
Jessica grins evilly.
Jessica casts a spell.
Jessica blinks!
You block Jessica's attack.
You barely miss Jessica. Jessica closely misses you.
You hit Jessica but do no damage.
Your weapon exudes an aura of protection.
Jessica looks very angry.
Jessica hits you with a +0 club.
You barely miss Jessica.
Jessica mumbles something strange.
Jessica hits you with a +0 club.
You hit Jessica.
Jessica is lightly wounded.
Jessica hits you but does no damage.
You hit Jessica.
Jessica is heavily wounded.
Jessica points at you and mumbles some strange words.
Pain shoots through your body!
You die...

... ###......#.
##.# #+#
#..#####. #.# #.#
#..# . #.# #.#
#..#####. #..
##.## #........
##...## ##.######
#.....# #.#
#.##...#### #.#
#...@@....#####.#
#########.......#
#########


You could see Jessica.

Vanquished Creatures
  An adder (D:3)
  4 ball pythons
  4 endoplasms
  4 giant cockroaches
  2 hobgoblins (D:1)
  3 quokkas (D:1)
  2 bats (D:1)
  3 frilled lizards
  2 goblins (D:2)
  7 kobolds
  A rat (D:2)
33 creatures vanquished.

Notes
Turn   | Place    | Note
-------+----------+-------------------------------------------
     0 | D:1      | Acheron the Human Brigand began the quest for the Orb.
     0 | D:1      | Reached XP level 1. HP: 16/16 MP: 1/1
   227 | D:1      | Reached XP level 2. HP: 19/22 MP: 2/2
   723 | D:1      | Learned a level 1 spell: Summon Small Mammal
   748 | D:1      | Reached XP level 3. HP: 24/27 MP: 3/3
  1380 | D:3      | Noticed Jessica
  1391 | D:3      | Killed from afar by Jessica

Illustrated notes

Levels and vault maps discovered:
D:1:      onia_arrival_pentagram, layout_basic, due_unseen_surprise
D:2:      minmay_angry_zag, layout_basic
D:3:      layout_loops_corners, shapermc_ecumenical_altar_acropolis,
          uniq_jessica

Action                   || total
-------------------------++-------
Melee: Dagger            ||   100
       Punch             ||     1
  Use: Scroll            ||    10
 Stab: Sleeping          ||     4
       Distracted        ||     1
Armor: Robe              ||    27
Dodge: Dodged            ||    54
Block: Buckler           ||     2
